 Dungeon Crawl Stone Soup version 0.29-a0-330-g52719c12eb (webtiles) character file.

Game seed: 2522941936424625794

20496 kae the Arsonist (level 12, -2/77 HPs)
             Began as a Tengu Fire Elementalist on Apr 14, 2022.
             Was a Priest of Ashenzari.
             Succumbed to a cane toad's poison
             ... on level 1 of the Lair of Beasts.
             The game lasted 00:17:33 (23122 turns).

kae the Arsonist (Tengu Fire Elementalist)         Turns: 23122, Time: 00:17:33

Health: -2/77      AC:  8    Str:  8    XL:     12   Next: 80%
Magic:  23/26      EV: 20    Int: 26    God:    Ashenzari [***...]
Gold:   647        SH:  0    Dex: 16    Spells: 11/30 levels left

rFire   . . .      SeeInvis +   i - +1 whip "Overhang to Understand" {vamp, Comp, Bglg} (curse)
rCold   . . .      Faith    .   (no shield)
rNeg    . . .      Spirit   .   D - +0 steam dragon scales of the Tethered Loss {Bglg, Evo} (curse)
rPois   .          Reflect  .   (helmet restricted)
rElec   .          Harm     .   g - +2 cloak "I Knew You'd Do That" {Evo, Bglg} (curse)
rCorr   .          Rampage  .   (no gloves)
Will    .....      Clarity  +   (boots unavailable)
Stlth   ++........              (no amulet)
HPRegen 0.22/turn               d - ring of wizardry
MPRegen 0.20/turn               o - ring of the Shackled Seer {Int+6, Elem, Self} (curse)

@: lethally poisoned (-2 -> -41), flying quickly and evasively, quick
A: beak, talons 3, nimble flight
a: Renounce Religion, Curse Item, Shatter the Chains


You were on level 1 of the Lair of Beasts.
You worshipped Ashenzari.
Ashenzari was most pleased with you.
You visited 3 branches of the dungeon, and saw 13 of its levels.

You collected 773 gold pieces.
You spent 126 gold pieces at shops.

Inventory:

Hand Weapons
 i - the cursed +1 whip "Overhang to Understand" (weapon) {vamp, Comp, Bglg}
   (You took it off a kobold on level 2 of the Dungeon)

   It occasionally heals its wielder for a portion of the damage dealt when it
   wounds a living foe.
   It has a curse which improves the following skills: Companions: Summonings
   and Necromancy.
   Beguiling: Conjurations, Hexes and Translocations.
 j - a +5 dagger
Missiles
 w - a throwing net
Armour
 g - the cursed +2 cloak "I Knew You'd Do That" (worn) {Evo, Bglg}
   (You found it on level 2 of the Dungeon)

   It has a curse which improves the following skills: Evocations: Evocations.
   Beguiling: Conjurations, Hexes and Translocations.
 D - the cursed +0 steam dragon scales of the Tethered Loss (worn) {Bglg, Evo}
   (You found it on level 7 of the Dungeon)

   It has a curse which improves the following skills: Beguiling: Conjurations,
   Hexes and Translocations.
   Evocations: Evocations.
 E - the +0 leather armour "Lamun" {rElec rN+ Str+4}
   (You found it on level 8 of the Dungeon)

   Str:       It affects your strength (+4).
   rElec:     It insulates you from electricity.
   rN:        It protects you from negative energy.
Jewellery
 d - a ring of wizardry (left hand)
 o - the cursed ring of the Shackled Seer (right hand) {Int+6, Elem, Self}
   (You found it on level 4 of the Dungeon)

   [ring of intelligence]

   Int:       It affects your intelligence (+6).
   It has a curse which improves the following skills: Elements: Fire Magic, Ice
   Magic, Air Magic and Earth Magic.
   Introspection: Fighting and Spellcasting.
 u - a ring of protection from cold
 y - a +6 ring of intelligence
 F - a +6 ring of strength
 G - a +6 ring of strength
 H - a +4 ring of protection
 M - an amulet of guardian spirit
Wands
 a - a wand of iceblast (4)
 s - a wand of paralysis (4)
 C - a wand of digging (5)
 J - a wand of polymorph (6)
Scrolls
 c - 7 scrolls of identify
 f - 2 scrolls of enchant weapon
 n - a scroll of enchant armour
 p - a scroll of magic mapping
 q - 2 scrolls of teleportation
 v - a scroll of amnesia
 x - 2 scrolls of brand weapon
 I - a scroll of summoning
 K - a scroll of fog
 L - a scroll of blinking
Potions
 b - 2 potions of magic
 e - 2 potions of mutation
 h - 3 potions of ambrosia
 k - 8 potions of lignification
 l - 4 potions of attraction
 m - a potion of cancellation
 r - a potion of flight
 t - 2 potions of invisibility
 z - 3 potions of curing
 A - 2 potions of berserk rage
 B - a potion of resistance
 N - 2 potions of might
 O - a potion of haste


   Skills:
 + Level 8.6(10.3) Fighting
 + Level 9.6 Dodging
 - Level 2.0 Stealth
 + Level 8.2(9.9) Spellcasting
 + Level 11.2(14.3) Conjurations
 * Level 13.7(15.2) Fire Magic


You had 11 spell levels left.
You knew the following spells:

 Your Spells              Type           Power      Damage    Failure   Level
a - Foxfire               Conj/Fire      100%       2x1d9     0%          1
b - Scorch                Fire           100%       2d10      0%          2
c - Conjure Flame         Conj/Fire      74%        6-21      1%          3
d - Inner Flame           Hex/Fire       52%        N/A       1%          3
e - Flame Wave            Conj/Fire      74%        2d13      1%          4
f - Mephitic Cloud        Conj/Pois/Air  38%        N/A       1%          3
g - Ignite Poison         Fire/Tmut/Pois 39%        N/A       1%          3

Your spell library contained the following spells:

 Spells                   Type           Power      Damage    Failure   Level
 Fulminant Prism          Conj/Hex       25%        3d14      1%          4
 Iskenderun's Mystic Bla  Conj/Tloc      51%        2d11      1%          4
 Ensorcelled Hibernation  Hex/Ice        28%        N/A       2%          2
 Passwall                 Tmut/Erth      10%        N/A       2%          2
 Gell's Gravitas          Tloc           15%        N/A       4%          3
 Teleport Other           Tloc           15%        N/A       4%          3
 Swiftness                Air            13%        N/A       5%          3
 Freezing Cloud           Conj/Ice/Air   19%        6-21      7%          5
 Lee's Rapid Deconstruct  Erth           6%         3d7*      43%         5
 Dispersal                Tloc           7%         N/A       91%         6
 Simulacrum               Ice/Necr       6%         N/A       92%         6
 Summon Cactus Giant      Summ           6%         N/A       92%         6
 Polar Vortex             Ice            6%         N/A       100%        9


Dungeon Overview and Level Annotations

Branches:
Dungeon (11/15)            Temple (1/1) D:4            Lair (1/6) D:8
    Orc: D:9-12

Altars:
Ashenzari
Cheibriados
Dithmenos
Elyvilon
Fedhas
Gozag
Hepliaklqana
Kikubaaqudgha
Makhleb
Nemelex Xobeh
Okawaru
Qazlal
Ru
Sif Muna
Trog
Uskayaw
Vehumet
Wu Jian
Xom
Yredelemnul
Zin
The Shining One

Shops:
D:4 **   D:8 !

Annotations:
D:9 2 runed translucent doors, kae's ghost, novice OgAE
D:11 exclusion: manticore


Innate Abilities, Weirdness & Mutations

You have a beak for a mouth.
You have claws for feet.
Your magical nature lets you fly swiftly and evasively.


Message History

The cane toad's fire resistance burns away.
You feel sick.
The cane toad is engulfed in a cloud of scalding steam.
The cane toad closely misses you.
The cane toad is engulfed in a cloud of scalding steam.
The cane toad stings you!
You feel sick. The cane toad closely misses you.
The yak is engulfed in a cloud of scalding steam.
You hit the cane toad.
You feel better.
You claw the cane toad, but do no damage.
You peck the cane toad.
The cane toad is severely wounded.
You feel sick.
The yak is no longer more vulnerable to fire.
The cane toad closely misses you.
The yak is engulfed in a cloud of scalding steam.
You hit the cane toad but do no damage. You claw the cane toad.
The cane toad is almost dead.
You feel sick.
The cane toad is no longer more vulnerable to fire.
The cane toad misses you.
You hit the cane toad.
You feel better.
You claw the cane toad. Your peck misses the cane toad.
The cane toad is almost dead.
You feel sick. The cane toad completely misses you. The cane toad stings you!!
* * * LOW HITPOINT WARNING * * *
You are lethally poisoned!
The cane toad poisons you!
You completely miss the cane toad. You claw the cane toad.
Your peck misses the cane toad.
The cane toad is almost dead.
* * * LOW HITPOINT WARNING * * *
You feel extremely sick. The cane toad stings you!
* * * LOW HITPOINT WARNING * * *
You are more poisoned.
The cane toad poisons you!
You hit the cane toad but do no damage. Your kick misses the cane toad.
The cane toad is almost dead.
You die...

, ,, * , , ....≈≈≈≈≈.....
, * ,, . ...≈≈≈≈≈.....* ,
.....≈≈≈≈≈.....## *
#..#.≈≈≈≈≈......# **, .
.....≈≈≈≈≈..##.., ...
,.....≈≈Y≈≈!..#.# ...
.....≈≈≈≈Y...#.######.#.
,, ,
.....≈≈@FY..........#...
*
*#.##.≈≈≈≈≈..............
#..≈≈Y≈≈...?........#. *
, ##.≈≈≈≈≈............#.
, ....≈≈≈≈≈..........###.
....≈≈≈≈≈.............. ,
.....≈≈≈≈≈..............
≈≈≈.....................
≈≈.....................


You could see 4 yaks and a cane toad.

Vanquished Creatures
  6 two-headed ogres
  A death yak (D:11)
  Pikel (D:7)
  A cyclops (D:9)
  A manticore (D:11)
  Maurice (D:10)
  Joseph (D:8)
  A guardian serpent (shapeshifter) (D:8)
  2 gargoyles
  An unseen horror (D:10)
  A cane toad (D:8)
  2 rime drakes (D:11)
  An ice devil (D:11)
  4 trolls
  A polar bear (D:11)
  Grinder (D:6)
  Sigmund (D:4)
  A yak (shapeshifter) (D:8)
  2 vampires
  A wraith (D:11)
  A wyvern (D:7)
  30 yaks
  A shadow (D:11)
  A steam dragon (D:7)
  5 vampire mosquitoes
  An acid dragon (D:10)
  A water moccasin (D:8)
  4 orc warriors
  An ice beast (D:6)
  A black bear (D:4)
  An ice beast (shapeshifter) (D:10)
  An ogre (D:5)
  3 sky beasts
  A wolf (D:11)
  6 centaurs
  A lemure (D:8)
  2 kobold brigands
  3 scorpions
  4 bullfrogs
  A necrophage (D:6)
  10 wights
  An elephant simulacrum (D:11)
  5 howler monkeys
  5 electric eels (D:10)
  3 hounds (D:5)
  4 jellies
  6 orc priests
  7 gnoll shamans
  6 iguanas
  10 orc wizards
  A troll simulacrum (D:11)
  Ijyb (D:3)
  A spriggan simulacrum (D:11)
  A polar bear simulacrum (D:11)
  10 adders
  25 gnolls
  8 river rats (D:5)
  A shadow imp (D:5)
  2 white imps
  An ufetubus (D:5)
  2 worms
  5 dart slugs
  25 orcs
  2 bats
  8 endoplasms
  2 giant cockroaches (D:1)
  4 goblins
  4 hobgoblins
  3 jackals (D:2)
  7 quokkas
  4 ball pythons
  13 frilled lizards
  12 kobolds
  22 rats
321 creatures vanquished.

Vanquished Creatures (collateral kills)
  2 foxfires
2 creatures vanquished.

Vanquished Creatures (others)
  1028 foxfires
  12 plants
1040 creatures vanquished.

Grand Total: 1363 creatures vanquished

Notes
Turn   | Place    | Note
-------+----------+-------------------------------------------
     0 | D:1      | kae the Tengu Fire Elementalist began the quest for the
                  | Orb.
     0 | D:1      | Reached XP level 1. HP: 10/10 MP: 4/4
    85 | D:1      | Found a faded altar of an unknown god.
   313 | D:1      | Reached XP level 2. HP: 15/15 MP: 4/6
  1180 | D:1      | Reached XP level 3. HP: 20/20 MP: 2/7
  1183 | D:1      | Learned a level 2 spell: Scorch
  1187 | D:1      | Learned a level 3 spell: Conjure Flame
  1928 | D:2      | Reached skill level 1 in Fighting
  2260 | D:2      | Reached skill level 4 in Fire Magic
  2474 | D:2      | Reached XP level 4. HP: 25/25 MP: 2/8
  3131 | D:3      | Gained mutation: Your magical nature lets you fly swiftly
                  | and evasively. [Tengu growth]
  3131 | D:3      | Reached XP level 5. HP: 30/30 MP: 3/9
  3364 | D:3      | Noticed Ijyb
  3523 | D:3      | Found an ornate altar of the Wu Jian Council.
  4226 | D:3      | Killed Ijyb
  4715 | D:4      | Found Vury's Assorted Antiques.
  4765 | D:4      | HP: 1/30 [gnoll/+0 flail (13)]
  4771 | D:4      | Reached XP level 6. HP: 2/35 MP: 3/11
  5069 | D:4      | Bought a scroll labelled QANI ATEUSM for 28 gold pieces
  5069 | D:4      | Bought a scroll of magic mapping for 98 gold pieces
  5095 | D:4      | Found a staircase to the Ecumenical Temple.
  5118 | D:4      | Reached skill level 5 in Fire Magic
  5127 | Temple   | Entered the Ecumenical Temple
  5205 | Temple   | Became a worshipper of Ashenzari the Shackled
  5268 | D:4      | Found an ancient bone altar of Kikubaaqudgha.
  5323 | D:4      | Noticed a black bear
  5333 | D:4      | HP: 1/35 [black bear (4)]
  5334 | D:4      | Killed a black bear
  5818 | D:4      | Found Zinuroz's Assorted Antiques.
  6075 | D:4      | Noticed Sigmund
  6358 | D:4      | Killed Sigmund
  6359 | D:4      | Reached XP level 7. HP: 40/40 MP: 9/13
  6551 | D:4      | Found a glowing silver altar of Zin.
  6552 | D:4      | Found a white marble altar of Elyvilon.
  6555 | D:4      | Found a glowing golden altar of the Shining One.
  6904 | D:5      | Entered Level 5 of the Dungeon
  6927 | D:5      | Reached skill level 6 in Fire Magic
  6931 | D:5      | Learned a level 3 spell: Inner Flame
  7221 | D:5      | Reached * piety under Ashenzari
  7494 | D:5      | Reached XP level 8. HP: 21/48 MP: 10/15
  7796 | D:5      | Reached ** piety under Ashenzari
  8091 | D:5      | Reached skill level 5 in Conjurations
  8279 | D:5      | Reached skill level 7 in Fire Magic
  8923 | D:6      | Noticed a two-headed ogre
  8935 | D:6      | Noticed Grinder
  9096 | D:6      | Reached skill level 5 in Dodging
  9469 | D:6      | Found a radiant altar of Vehumet.
  9569 | D:6      | Killed a two-headed ogre
  9570 | D:6      | Reached skill level 8 in Fire Magic
  9570 | D:6      | Reached XP level 9. HP: 55/55 MP: 5/18
  9700 | D:6      | Killed Grinder
  9874 | D:6      | Reached skill level 5 in Spellcasting
  9974 | D:6      | Reached skill level 5 in Fighting
 10388 | D:6      | Reached skill level 9 in Fire Magic
 10813 | D:7      | Noticed a troll
 11142 | D:7      | Reached XP level 10. HP: 61/61 MP: 15/20
 12392 | D:8      | Found a staircase to the Lair.
 12419 | D:8      | Reached skill level 10 in Fire Magic
 12679 | D:8      | Identified the +0 leather armour "Lamun" {rElec rN+ Str+4}
 12797 | D:8      | Found Qeyket's Distillery.
 12825 | D:8      | Noticed a two-headed ogre
 12849 | D:8      | Killed a two-headed ogre
 13155 | D:8      | Noticed Joseph
 13214 | D:8      | Killed Joseph
 13301 | D:8      | Noticed Pikel
 13331 | D:7      | Killed Pikel
 13667 | D:8      | Found a shimmering altar of Xom.
 13667 | D:8      | Found a shimmering altar of Xom.
 13668 | D:8      | Found a shimmering altar of Xom.
 13668 | D:8      | Found a shimmering altar of Xom.
 13669 | D:8      | Found a shimmering altar of Xom.
 13670 | D:8      | Noticed a guardian serpent
 13761 | D:8      | Killed a guardian serpent
 13913 | D:8      | Noticed a fire crab
 14427 | D:8      | Reached XP level 11. HP: 67/67 MP: 17/22
 14530 | D:9      | Found an iron altar of Okawaru.
 14538 | D:9      | Found a shimmering blue altar of Sif Muna.
 14604 | D:9      | Reached skill level 11 in Fire Magic
 14686 | D:9      | Found a large runed translucent door.
 14686 | D:9      | Found a large runed translucent door.
 14730 | D:9      | Noticed kae's ghost (novice OgAE)
 14730 | D:9      | Identified the +8 morningstar of Ziesegru {vorpal, rF-
                  | rCorr SInv}
 15209 | D:9      | Found a basalt altar of Yredelemnul.
 15422 | D:10     | Entered Level 10 of the Dungeon
 15566 | D:10     | Learned a level 4 spell: Flame Wave
 15570 | D:10     | Learned a level 3 spell: Mephitic Cloud
 15574 | D:10     | Learned a level 3 spell: Ignite Poison
 15784 | D:10     | Reached *** piety under Ashenzari
 15855 | D:10     | Noticed a cyclops
 16098 | D:9      | Killed a cyclops
 16615 | D:10     | Noticed a two-headed ogre
 16669 | D:9      | Killed a two-headed ogre
 17344 | D:10     | Noticed a two-headed ogre
 17358 | D:10     | Killed a two-headed ogre
 17477 | D:10     | Reached skill level 12 in Fire Magic
 17865 | D:10     | Reached skill level 10 in Conjurations
 18193 | D:10     | Reached XP level 12. HP: 59/76 MP: 5/26
 18297 | D:10     | Found a hazy altar of Hepliaklqana.
 18297 | D:10     | Found an ornate altar of the Wu Jian Council.
 18299 | D:10     | Found a shadowy altar of Dithmenos.
 18299 | D:10     | Found a broken altar of Ashenzari.
 18317 | D:10     | Noticed a two-headed ogre
 18491 | D:10     | Killed a two-headed ogre
 19465 | D:11     | Noticed a two-headed ogre
 19506 | D:11     | Killed a two-headed ogre
 19507 | D:11     | Reached skill level 13 in Fire Magic
 19655 | D:11     | Noticed an ice dragon
 19655 | D:11     | Noticed a death yak
 20231 | D:11     | HP: 3/77 [vampire/vampiric draining (10)]
 20536 | D:11     | Noticed Maurice
 20564 | D:10     | Killed Maurice
 21307 | D:11     | Killed a death yak
 22401 | Lair:1   | Entered Level 1 of the Lair of Beasts
 23122 | Lair:1   | Succumbed to a cane toad's poison

Illustrated notes

Levels and vault maps discovered:
D:1:      dpeg_arrival_long_road, layout_basic,
          ebering_ecumenical_altar_abandoned
D:2:      layout_basic
D:3:      layout_basic, pdpol_wu_jian_five_deadly_venoms,
          hangedman_decor_riveting, minmay_fractal_squares_5, uniq_ijyb
D:4:      layout_gridville, good_gods_temple_1, mainiacjoe_overflow_chevrons,
          minmay_temple_entry_large_hall, serial_shops, nicolae_diamond_shop,
          shop, serial_bayou_pond_c, kennysheep_small_circle, uniq_sigmund
D:5:      lemuel_ratsnest, layout_basic, grunt_ministairs_9, minmay_lizard_king
D:6:      layout_rooms, lemuel_crystal_altar, uniq_grinder
D:7:      layout_rooms
D:8:      layout_rooms, xom_shifter_show, lair_entry_dummy, serial_shops,
          nicolae_shop_trees, minmay_diced_spiral, uniq_pikel, uniq_joseph
D:9:      layout_roguey, mainiacjoe_overflow_alcove_1,
          mainiacjoe_overflow_catwalk_spiral, ebering_ghost_disaster_area,
          minmay_misc_feat_diagonals, st_stairs_8
D:10:     minmay_the_grid_octo_tiled_squarecenter
          [minmay_the_grid_octo_checkerflower, minmay_the_grid_octo_shrine,
          minmay_the_grid_octo_thin_diamonds, minmay_the_grid_octo_odd_swirl,
          minmay_the_grid_square_5x5_megaprize_hollow,
          minmay_the_grid_square_5x5_spiral,
          minmay_the_grid_square_5x5_two_walls_a,
          minmay_the_grid_square_5x5_meh,
          minmay_the_grid_square_5x5_doubleslash], layout_basic
D:11:     dreamdust_isle_of_ice, layout_basic, uniq_maurice
Temple:   nicolae_temple_x_marks_the_god
Lair:1:   layout_gridlike, beast_lair_carwin_2

Skill      XL: |  1  2  3  4  5  6  7  8  9 10 11 12 |
---------------+-------------------------------------+-----
Conjurations   | 2 3 4 6 7 8 10 11 | 11.2
Fighting       | 1 2 3 4 5 6 7 8 |  8.6
Fire Magic     | 4 5 6 8 9 10 12 13 | 13.7
Dodging        | 3 4 5 6 7 8 9 |  9.6
Spellcasting   | 3 4 5 6 7 8 |  8.2
Stealth        | |  2.0

Action                   |  1- 3 |  4- 6 |  7- 9 | 10-12 || total
-------------------------+-------+-------+-------+-------++-------
Melee: Unarmed           |     3 |       |       |       ||     3
       Kick              |     2 |     2 |    19 |    32 ||    55
       Peck              |     2 |     1 |    10 |    21 ||    34
       Whip              |     6 |     9 |    55 |    70 ||   140
       Punch             |       |       |       |     1 ||     1
 Cast: Foxfire           |    93 |   109 |   154 |   250 ||   606
       Scorch            |     2 |    17 |    59 |   191 ||   269
       Conjure Flame     |       |       |     6 |    13 ||    19
       Inner Flame       |       |       |     1 |     4 ||     5
       Mephitic Cloud    |       |       |       |    29 ||    29
       Ignite Poison     |       |       |       |    24 ||    24
       Flame Wave        |       |       |       |     1 ||     1
Invok: Curse Item        |       |     1 |     2 |     2 ||     5
       Shatter the Chain |       |       |       |     1 ||     1
  Use: Scroll            |     3 |     9 |     2 |     4 ||    18
       Potion            |       |     6 |       |     1 ||     7
Armor: Robe              |     1 |     9 |    26 |     4 ||    40
       Steam dragon scal |       |       |       |    64 ||    64
Dodge: Dodged            |    16 |    47 |   147 |   390 ||   600

Table legend: (Time is in decaauts)
 A = Elapsed time spent in this place.
 B = Non-inter-level travel time spent in this place.
 C = Inter-level travel time spent in this place.
 D = Time resting spent in this place.
 E = Time spent auto-exploring this place.
 F = Levels seen in this place.
 G = Mean time per level.
                   A        B        C        D        E       F      G
               +--------+--------+--------+--------+--------+-----+--------+
         Total |  22502 |  21833 |    669 |   5199 |  13282 |  13 | 1730.9 |
       Dungeon |  22315 |  21668 |    647 |   5167 |  13204 |  11 | 2028.6 |
        Temple |     78 |     60 |     18 |      0 |     55 |   1 |   78.0 |
          Lair |    108 |    106 |      2 |     32 |     22 |   1 |  108.0 |
               +--------+--------+--------+--------+--------+-----+--------+

Top non-repeatable levels by time:
    D:10: 3783 daAuts
     D:8: 2488 daAuts
     D:5: 2464 daAuts
    D:11: 2363 daAuts
     D:4: 2028 daAuts
     D:2: 1953 daAuts
     D:1: 1701 daAuts
     D:9: 1549 daAuts
     D:6: 1524 daAuts
     D:7: 1461 daAuts
     D:3: 996 daAuts
  Lair:1: 108 daAuts
  Temple: 78 daAuts
